 Dungeon Sprint DCSS version 0.21-a0-331-gfb491b4 (webtiles) character file.

54 potatolord6000 the Protected (level 8, -22/57 HPs)
             Began as a Gargoyle Fighter on Oct 2, 2017.
             Was an Initiate of Gozag.
             Killed from afar by a gargoyle (25 damage)
             ... with a stone arrow
             ... in the Dungeon (Sprint VI: "Thunderdome").
             The game lasted 00:02:43 (332 turns).

potatolord6000 the Protected (Gargoyle Fighter)      Turns: 332, Time: 00:02:44

Health: -22/57     AC:  8    Str: 28    XL:     8   Next: 13%
Magic:  17/17      EV: 12    Int:  8    God:    Gozag
Gold:   246        SH: 19    Dex: 14    Spells: 7/7 levels left

rFire    + + .     SeeInvis .   a - +0 flail
rCold    + . .     Gourm    .   d - +0 large shield of the Worm {rF+ MR+} (curse)
rNeg     + . .     Faith    .   b - +0 scale mail
rPois    ∞         Spirit   .   (no helmet)
rElec    +         Reflect  .   (no cloak)
rCorr    +         Harm     .   e - +1 pair of gloves of the Lich-sworn {MP+9}
MR       +....     NoTele   +   (no boots)
Stlth    +.........             (no amulet)
HPRegen  0.19/turn              (no ring)
MPRegen  0.15/turn              (no ring)

@: mighty, agile, resistant, corroded, berserk cooldown, hasted and slowed
A: negative energy resistance 1, electricity resistance, unbreathing,
petrification resistance, rot immunity, AC +5
a: Potion Petition, Call Merchant, Bribe Branch, Renounce Religion


You were in the Dungeon.
You worshipped Gozag.
Gozag was aware of your devotion.
You were not hungry.

You visited 1 branch You collected 910 gold pieces.
You spent 664 gold pieces at shops.

Inventory:

Hand Weapons
 a - a +0 flail (weapon)
Armour
 b - a +0 scale mail (worn)
 d - the cursed +0 large shield of the Worm (worn) {rF+ MR+}
   (You bought it in a shop in the Dungeon)

   It protects you from fire.
   It affects your resistance to hostile enchantments.
   It has a curse placed upon it.
 e - the +1 pair of gloves of the Lich-sworn (worn) {MP+9}
   (You bought it in a shop in the Dungeon)

   It affects your magic capacity (+9).
Scrolls
 k - 4 scrolls of blinking
 l - 3 scrolls of fog
Potions
 g - 2 potions of heal wounds
 h - 2 potions of haste
 i - 2 potions of magic
 m - a potion of resistance
Comestibles
 f - a bread ration


   Skills:
 + Level 10.1 Fighting
 + Level 8.4 Maces & Flails
 + Level 10.3 Armour
 - Level 0.1 Dodging
 + Level 10.1 Shields


You had 7 spell levels left.
You didn't know any spells.

Dungeon Overview and Level Annotations

Branches:
Dungeon (1/1)

Altars:
Cheibriados
Dithmenos
Fedhas
Gozag
Kikubaaqudgha
Makhleb
Okawaru
Qazlal
Ru
Sif Muna
Trog
Uskayaw
Vehumet
Wu Jian
Xom
Yredelemnul
Zin
The Shining One
Beogh
Jiyva
Lugonu

Shops:
D *[%??*?*:[((!!!!


Innate Abilities, Weirdness & Mutations

You are resistant to torment.
Your stone body is resilient. (AC +5)
You are immune to poison.
You resist negative energy. (rN+)
You are resistant to electric shocks. (rElec)
You can survive without breathing.
You are immune to petrification.
You are immune to rotting.


Message History

You feel yourself slow down. You block the rust devil's attack.
Unknown command.
You hit the gargoyle.
The gargoyle is heavily damaged.
The gargoyle hurls a stone arrow at you.
You block the stone arrow. You block the gargoyle's attack.
You block the rust devil's attack. The gargoyle barely misses you.
Unknown command.
You hit the gargoyle.
The gargoyle is severely damaged.
The gargoyle hurls a stone arrow at you.
You block the stone arrow. You block the rust devil's attack.
The gargoyle closely misses you.
Unknown command.
You hit the gargoyle but do no damage.
The gargoyle is severely damaged.
The gargoyle hurls a stone arrow at you.
The stone arrow hits you!
You die...
Your body crumbles into a pile of gold.

######.8.........
##∩___......###...
###∩........8.# #.8.
##.............###...
#⌠..........###...###
#⌠..........# #.<.# #
#⌠..5.......###...###
##.949....[....###...
###@$.......8.# .8.
##∩.__......###...
######.8.........
#§..[.......
###.........
#........_ #_......._
#_..[..... #∩.......∩


You could see a rust devil, 2 gargoyles and an iron imp.

Vanquished Creatures
  A rust devil (D)
  A gargoyle (D)
  Sigmund (D)
  4 jellies (D)
  Terence (D)
  2 oozes (D)
  An orc (D)
  A goblin (D)
  A quokka (D)
13 creatures vanquished.

Notes
Turn   | Place    | Note
-------+----------+-------------------------------------------
     0 | D        | potatolord6000 the Gargoyle Fighter began the quest for the Orb.
     0 | D        | Reached XP level 1. HP: 14/14 MP: 1/1
     2 | D        | Found a deep blue altar of Sif Muna.
     2 | D        | Found a radiant altar of Vehumet.
     3 | D        | Found a basalt altar of Yredelemnul.
     3 | D        | Found a sacrificial altar of Ru.
     4 | D        | Found a roughly hewn altar of Beogh.
     4 | D        | Found a stormy altar of Qazlal.
     5 | D        | Found Kukhliuch's Distillery.
     5 | D        | Found a burning altar of Makhleb.
     5 | D        | Found a shadowy altar of Dithmenos.
     5 | D        | Found Xanol's Do-It-Yourself Clinic.
     5 | D        | Round 1.
     6 | D        | Found Ajuobets's Distillery.
     6 | D        | Found Jucyiv's Bottled Wisdom.
     9 | D        | Found an iron altar of Okawaru.
    10 | D        | Found a hide-covered altar of Uskayaw.
    10 | D        | Found an opulent altar of Gozag.
    10 | D        | Found a viscous altar of Jiyva.
    10 | D        | Found Otzewn's Staff Store.
    10 | D        | Found Roep's Magic Scroll Shop.
    11 | D        | Found Silen's Must-Have Magic.
    11 | D        | Found Erghuprelab's Magic Scroll Shop.
    14 | D        | Found a bloodstained altar of Trog.
    18 | D        | Became a worshipper of Gozag Ym Sagoz the Greedy
    21 | D        | Found a snail-covered altar of Cheibriados.
    22 | D        | Found a blossoming altar of Fedhas.
    22 | D        | Found Liseuhaf's Bee Food.
    24 | D        | Found an ornate altar of the Wu Jian Council.
    24 | D        | Found a shimmering altar of Xom.
    24 | D        | Found Gaitry Tank's Identification Station.
    26 | D        | Found Nyaciurr's Jewellery.
    26 | D        | Found Enilox's Advanced Armour.
    36 | D        | Noticed Terence
    46 | D        | Killed Terence
    46 | D        | Reached XP level 2. HP: 20/20 MP: 2/2
    46 | D        | Reached XP level 3. HP: 24/24 MP: 3/3
    47 | D        | Found a glowing silver altar of Zin.
    57 | D        | Found a corrupted altar of Lugonu.
    60 | D        | Found Syhacada's Premium Goods.
    61 | D        | Found Tibriet's Miscellaneous Merchandise.
    61 | D        | Found Vahuez's Basic Armour.
    62 | D        | Found a glowing golden altar of the Shining One.
    62 | D        | Found an ancient bone altar of Kikubaaqudgha.
    62 | D        | Found Deurphoda's Weapon Rack.
    65 | D        | Noticed Sigmund
    95 | D        | Killed Sigmund
    95 | D        | Reached skill level 5 in Maces & Flails
    95 | D        | Reached XP level 4. HP: 34/34 MP: 4/4
    95 | D        | Reached XP level 5. HP: 38/38 MP: 5/5
   104 | D        | Arena points: 12 (+12) [x2]
   135 | D        | Bought a pitted large shield for 332 gold pieces
   139 | D        | Round 2.
   145 | D        | Identified the cursed +0 large shield of the Worm {rF+ MR+} (You bought it in a shop in the Dungeon)
   147 | D        | Reached XP level 6. HP: 40/44 MP: 6/6
   219 | D        | Bought a pair of ancient gloves for 332 gold pieces
   224 | D        | Identified the +1 pair of gloves of the Lich-sworn {MP+9} (You bought it in a shop in the Dungeon)
   239 | D        | Arena points: 54 (+42) [x3]
   309 | D        | Round 3.
   310 | D        | Noticed a gargoyle
   310 | D        | Noticed a rust devil
   310 | D        | Noticed a gargoyle
   310 | D        | Noticed a gargoyle
   311 | D        | Noticed a rust devil
   318 | D        | Killed a gargoyle
   318 | D        | Reached XP level 7. HP: 43/51 MP: 7/7
   323 | D        | Killed a rust devil
   323 | D        | Reached skill level 10 in Fighting
   323 | D        | Reached skill level 10 in Armour
   323 | D        | Reached skill level 10 in Shields
   323 | D        | Reached XP level 8. HP: 33/57 MP: 8/8
   328 | D        | HP: 2/85 [gargoyle/morningstar (4)]
   332 | D        | Killed from afar by a gargoyle

Vault maps used:
D:        arena_sprint

Skill      XL: |  1  2  3  4  5  6  7 |
---------------+----------------------+-----
Fighting       | 4 7 9 10 | 10.1
Armour         | 4 7 9 10 | 10.3
Shields        | 4 7 9 10 | 10.1
Maces & Flails | 5 7 8 |  8.4
Dodging        | |  0.1

Action                   |  1- 3 |  4- 6 |  7- 9 || total
-------------------------+-------+-------+-------++-------
Melee: Flail             |    30 |    26 |    14 ||    70
Invok: Potion Petition   |       |     1 |       ||     1
  Use: Potion            |     5 |     2 |       ||     7
Armor: Scale mail        |    14 |     3 |     4 ||    21
Dodge: Dodged            |     5 |     8 |     5 ||    18
Block: Shield            |     9 |       |       ||     9
       Large shield      |       |    19 |    20 ||    39

Table legend:
 A = Spawn XP
 B = Non-spawn XP
 C = Spawn XP percentage of total XP
 D = Spawn monster count
 E = Non-spawn monster count
 F = Spawn count percentage of total count
 G = Total turns spent on level
                    A         B        C        D         E        F      G
               +---------+---------+-------+---------+---------+-------+---------
         Total |       0 |    1351 |   0.0 |       0 |      13 |   0.0 |   332
               +---------+---------+-------+---------+---------+-------+---------
             D |       0 |    1351 |   0.0 |       0 |      13 |   0.0 |   332
               +---------+---------+-------+---------+---------+-------+---------
